 Dungeon Crawl Stone Soup version 0.31-a0-700-gf13585253f (webtiles) character file.

Game seed: 1282326259546984802

598 qw the Shooter (level 7, 0/44 HPs)
             Began as a Gargoyle Hunter on Sept 7, 2023.
             Was an Initiate of Okawaru.
             Slain by a cyan very ugly thing (2 damage)
             ... summoned by a worldbinder
             ... on level 1 of the Abyss.
             The game lasted 00:01:26 (3528 turns).

qw the Shooter (Gargoyle Hunter)                    Turns: 3528, Time: 00:01:27

Health: 0/44       AC: 15    Str: 15    XL:     7   Next: 40%
Magic:  7/7        EV: 12    Int:  9    God:    Okawaru [......]
Gold:   129        SH:  0    Dex: 15    Spells: 6/6 levels left

rFire   . . .        b - +1 orcbow (drain)
rCold   . . .        (shield currently unavailable)
rNeg    + . .        k - +3 leather armour
rPois   inf          l - +0 helmet
rElec   +            (no cloak)
rCorr   .            (no gloves)
SInv    .            f - +2 pair of boots {Fly}
Will    .....        (no amulet)
Stlth   ++           (no ring)
HPRegen 0.27/turn    (no ring)
MPRegen 0.10/turn

%: no passive effects
@: about to teleport, flying
A: sickness immunity, AC +4, negative energy resistance 1, electricity
resistance, torment resistance 1, petrification resistance
a: Renounce Religion


You were on level 1 of the Abyss.
You worshipped Okawaru.
Okawaru was noncommittal.
You visited 2 branches of the dungeon, and saw 7 of its levels.
You visited the Abyss 1 time.

You collected 228 gold pieces.
You spent 99 gold pieces at shops.


Innate Abilities, Weirdness & Mutations

You are immune to sickness and miasma.
Your stone body is resilient. (AC +4)
You are immune to poison.
You resist negative energy. (rN+)
You are resistant to electric shocks. (rElec)
You are resistant to unholy torment.
You are immune to petrification.


   Skills:
 - Level 4.3 Fighting
 + Level 7.2 Ranged Weapons
 - Level 2.6 Armour
 - Level 2.3 Dodging
 - Level 1.1 Stealth


You had 6 spell levels left.
You didn't know any spells.
Your spell library was empty.

Inventory:

Hand Weapons
 b - a +1 orcbow of draining (weapon)
Armour
 f - a +2 pair of boots of flying (worn)
 k - a +3 leather armour (worn)
 l - a +0 helmet (worn)
Scrolls
 g - a scroll of identify
Potions
 a - a potion of brilliance {unknown}
 h - a potion of enlightenment
 i - 2 potions of heal wounds

Dungeon Overview and Level Annotations

Branches:
Dungeon (6/15)             Temple (1/1) D:5

Altars:
Ashenzari
Cheibriados
Dithmenos
Elyvilon
Fedhas
Hepliaklqana
Kikubaaqudgha
Makhleb
Nemelex Xobeh
Okawaru
Qazlal
Ru
Sif Muna
Trog
Uskayaw
Vehumet
Wu Jian
Yredelemnul
Zin
The Shining One

Shops:
D:5 (


Message History

The arrow hits the worldbinder but does no damage.
The worldbinder is lightly damaged.
The worldbinder hits you but does no damage. x2
The red very ugly thing tail-slaps you!
3525 |||
Found retreat position at 1,0 (worldbinder; floor) with 0 blocking monsters and 1 monsters attacking at destination at distance 1 You shoot an arrow.
The arrow hits the worldbinder!
The worldbinder is moderately damaged.
The red very ugly thing disappears in a puff of smoke!
The worldbinder hits you but does no damage.
The worldbinder barely misses you.
The worldbinder hits you but does no damage.
The worldbinder closely misses you.
3526 |||
Found retreat position at 1,0 (worldbinder; floor) with 0 blocking monsters and 1 monsters attacking at destination at distance 1 You shoot an arrow.
The arrow hits the worldbinder but does no damage.
The worldbinder is moderately damaged.
The worldbinder calls forth creatures from the Vaults!
The ironbound thunderhulk closely misses you.
The worldbinder hits you but does no damage.
The worldbinder misses you.
3527 |||
Found retreat position at 1,0 (worldbinder; floor) with 0 blocking monsters and 2 monsters attacking at destination at distance 1 You shoot an arrow.
The arrow barely misses the worldbinder.
The arrow hits the ironbound thunderhulk.
You drain the ironbound thunderhulk.
The ironbound thunderhulk is lightly wounded.
The worldbinder misses you.
The worldbinder hits you but does no damage.
Strange energies crackle from the ironbound thunderhulk's apparatus.
The ironbound thunderhulk blinks!
The cyan very ugly thing gores you. The cyan very ugly thing shocks you!
You resist.
3528 |||
Found retreat position at 1,0 (worldbinder; floor) with 0 blocking monsters and 1 monsters attacking at destination at distance 1
3528 ||| READING scroll of teleportation.
As you read the scroll of teleportation, it crumbles to dust.
You feel strangely unstable.
You feel the power of the Abyss delaying your translocation!
The worldbinder closely misses you. The worldbinder hits you.
The ironbound thunderhulk barely misses you.
The cyan very ugly thing gores you.
You die...

. #.#####
....... ..O....
.......####
.....#u@x.#
......O##.#
...##.#ยค .# .
.... ..u.......
....#.#O####...
...........
#.#...#....
........#. .
... ......


You could see a cyan very ugly thing (summoned), 2 ironbound thunderhulks and a
worldbinder.

Vanquished Creatures
  4 scorpions
  An orc priest (D:4)
  5 hounds
  2 iguanas
  An orc wizard (D:5)
  3 adders (D:5)
  2 ufetubi (D:5)
  A worm (D:5)
  9 orcs
  2 bats
  An endoplasm (D:1)
  4 giant cockroaches
  6 goblins
  6 hobgoblins
  3 jackals (D:4)
  4 quokkas
  4 ball pythons
  3 frilled lizards
  7 kobolds
  5 rats
73 creatures vanquished.

Notes
Turn   | Place    | Note
-------+----------+-------------------------------------------
     0 | D:1      | qw the Gargoyle Hunter began the quest for the Orb.
     0 | D:1      | Reached XP level 1. HP: 12/12 MP: 1/1
     0 | D:1      | 0 ||| qw: Version: 0.3-a-76-g4403597
     0 | D:1      | 0 ||| qw: Game counter: 590
     0 | D:1      | 0 ||| qw: Melee chars always use a shield: true
     0 | D:1      | 0 ||| qw: God list: Okawaru
     0 | D:1      | 0 ||| qw: Allow faded altars: false
     0 | D:1      | 0 ||| qw: Do Orc after clearing Dungeon:15 true
     0 | D:1      | 0 ||| qw: Do second Lair branch before Depths: true
     0 | D:1      | 0 ||| qw: Lair rune preference: random
     0 | D:1      | 0 ||| qw: Goals: Normal
     0 | D:1      | 0 ||| PLANNING D:1-11
    92 | D:1      | Reached XP level 2. HP: 16/17 MP: 2/2
   700 | D:1      | 700 ||| UPGRADING to +2 pair of boots of flying.
   705 | D:1      | 705 ||| DROPPING amulet of magic regeneration.
   706 | D:1      | 706 ||| DROPPING scroll of butterflies.
  1078 | D:2      | Reached XP level 3. HP: 21/21 MP: 3/3
  1428 | D:2      | Found a faded altar of an unknown god.
  1533 | D:2      | 1533 ||| UPGRADING to +1 robe of positive energy.
  1543 | D:2      | 1543 ||| UPGRADING to +0 helmet.
  1548 | D:2      | 1548 ||| READING scroll labelled WIEQOS JIUFOCY.
  1549 | D:2      | 1549 ||| READING 2 scrolls labelled LOUDON DISS.
  1550 | D:2      | 1550 ||| READING scroll labelled FEOKED JUMOEL.
  1560 | D:2      | 1560 ||| READING scroll labelled XAIZXO XIVEUT.
  1565 | D:2      | 1565 ||| READING scroll labelled VYAXAB NETZIXI.
  1666 | D:2      | 1666 ||| DRINKING 2 murky pink potions.
  1667 | D:2      | 1667 ||| DRINKING 2 purple potions.
  1701 | D:3      | Reached skill level 5 in Ranged Weapons
  1959 | D:3      | Found a stormy altar of Qazlal.
  2336 | D:3      | 2336 ||| DROPPING +0 leather armour.
  2337 | D:3      | 2337 ||| UPGRADING to +0 ring mail.
  2347 | D:3      | 2347 ||| DROPPING +1 robe of positive energy.
  2348 | D:3      | 2348 ||| UPGRADING to +3 leather armour.
  2358 | D:3      | 2358 ||| DROPPING +0 ring mail.
  2359 | D:3      | 2359 ||| READING scroll labelled FAGOOG TEILO.
  2360 | D:3      | 2360 ||| READING scroll labelled OGYDDYBRUO.
  2361 | D:3      | 2361 ||| READING 3 scrolls of identify.
  2361 | D:3      | 2361 ||| IDENTIFYING viscous green potion
  2362 | D:3      | 2362 ||| READING 2 scrolls of identify.
  2362 | D:3      | 2362 ||| IDENTIFYING bubbling blue potion
  2363 | D:3      | 2363 ||| DROPPING potion of degeneration.
  2404 | D:4      | Noticed a scorpion
  2405 | D:4      | 2405 ||| RETREATING.
  2414 | D:4      | Reached skill level 3 in Fighting
  2414 | D:4      | Reached XP level 4. HP: 16/28 MP: 4/4
  2440 | D:4      | Killed a scorpion
  2441 | D:4      | Reached XP level 5. HP: 22/32 MP: 5/5
  2570 | D:4      | Identified the scarf of Activism {+Inv, MP+9}
  2739 | D:4      | Reached XP level 6. HP: 31/37 MP: 6/6
  2798 | D:4      | Found a broken altar of Ashenzari.
  2813 | D:4      | Reached skill level 6 in Ranged Weapons
  2903 | D:4      | 2903 ||| DROPPING scarf of Activism {+Inv, MP+9}.
  2904 | D:4      | 2904 ||| READING scroll labelled BUCIXAVOTAB.
  2905 | D:4      | 2905 ||| READING scroll labelled MOWEOC IWIE.
  2917 | D:5      | Entered Level 5 of the Dungeon
  2917 | D:5      | Found Vawaag's Weapon Emporium.
  2920 | D:5      | 2920 ||| BUYING +0 orcbow of draining (99 gold).
  2920 | D:5      | Bought a +0 orcbow of draining for 99 gold pieces
  2920 | D:5      | 2920 ||| SWAPPING to +0 orcbow of draining.
  2921 | D:5      | 2921 ||| DROPPING +1 heavy shortbow.
  2978 | D:5      | 2978 ||| Stepping ~*~*~tactically~*~*~ (retreating).
  2984 | D:5      | 2984 ||| DRINKING 3 potions of curing.
  2984 | D:5      | 2984 ||| (to cure confusion)
  2990 | D:5      | 2990 ||| DRINKING 2 potions of curing.
  2990 | D:5      | 2990 ||| (to cure confusion)
  2999 | D:5      | Reached XP level 7. HP: 27/44 MP: 7/7
  3015 | D:5      | 3015 ||| DRINKING potion of curing.
  3015 | D:5      | 3015 ||| (to cure confusion)
  3061 | D:5      | 3061 ||| READING scroll of enchant weapon.
  3061 | D:5      | 3061 ||| ENCHANTING +0 orcbow of draining.
  3108 | D:5      | Found a staircase to the Ecumenical Temple.
  3109 | D:5      | 3109 ||| PLANNING TEMPLE
  3121 | D:5      | Reached skill level 7 in Ranged Weapons
  3136 | Temple   | Entered the Ecumenical Temple
  3137 | Temple   | 3137 ||| PLANNING OKAWARU WORSHIP
  3146 | Temple   | Became a worshipper of Warmaster Okawaru
  3147 | Temple   | 3147 ||| PLANNING D:1-11
  3208 | D:5      | Identified the +10 rapier of the Dragonfly {drain, Str+4}
  3474 | D:6      | 3474 ||| STAIRDANCE
  3476 | D:5      | 3476 ||| Stepping ~*~*~tactically~*~*~ (retreating).
  3477 | D:5      | 3477 ||| Stepping ~*~*~tactically~*~*~ (retreating).
  3478 | D:5      | 3478 ||| Stepping ~*~*~tactically~*~*~ (retreating).
  3479 | D:5      | 3479 ||| Stepping ~*~*~tactically~*~*~ (retreating).
  3480 | D:5      | 3480 ||| Stepping ~*~*~tactically~*~*~ (retreating).
  3481 | D:5      | 3481 ||| Stepping ~*~*~tactically~*~*~ (retreating).
  3482 | D:5      | 3482 ||| Stepping ~*~*~tactically~*~*~ (retreating).
  3483 | D:5      | 3483 ||| Stepping ~*~*~tactically~*~*~ (retreating).
  3487 | Abyss:1  | Cast into level 1 of the Abyss (wight)
  3512 | Abyss:1  | Noticed a worldbinder
  3517 | Abyss:1  | Noticed a red very ugly thing
  3517 | Abyss:1  | 3517 ||| Stepping ~*~*~tactically~*~*~ (retreating).
  3518 | Abyss:1  | 3518 ||| Stepping ~*~*~tactically~*~*~ (retreating).
  3519 | Abyss:1  | Noticed an ironbound thunderhulk
  3519 | Abyss:1  | 3519 ||| RETREATING.
  3527 | Abyss:1  | Noticed an ironbound thunderhulk
  3527 | Abyss:1  | Noticed a cyan very ugly thing
  3527 | Abyss:1  | HP: 5/44 [cyan very ugly thing[a worldbinder] (8)]
  3528 | Abyss:1  | 3528 ||| READING scroll of teleportation.
  3528 | Abyss:1  | HP: 2/44 [worldbinder (3)]
  3528 | Abyss:1  | Slain by a cyan very ugly thing

Levels and vault maps discovered:
D:1:      minmay_arrival_shattered_statue, layout_loops_ring, minmay_hedge_maze,
          serial_bayou_pond_b
D:2:      layout_loops_corners, serial_forest, infiniplex_forest_clump_tiny,
          infiniplex_forest_lined_room_3, infiniplex_forest_clump_curved,
          infiniplex_forest_clump_double, infiniplex_forest_clump_small,
          infiniplex_forest_lined_1, infiniplex_forest_lined_2,
          hellmonk_ecumenical_altar_leap_of_faith
D:3:      layout_basic, nicolae_qazlal_eye_of_the_storm, serial_rivers,
          chequers_serial_rivers_micro_a, chequers_serial_rivers_large_a,
          chequers_serial_rivers_small_a, chequers_serial_rivers_large_b,
          chequers_serial_rivers_micro_d, chequers_serial_rivers_micro_b
D:4:      layout_rooms, nicolae_ashenzari_skybound
D:5:      layout_basic, minmay_temple_entry_grid, nicolae_stop_n_shop_2
D:6:      layout_layer_cave, grunt_gozag_breadcrumbs,
          mainiacjoe_overflow_small_starburst, st_stairs_7,
          kennysheep_generic_room_13
Temple:   nicolae_temple_bog_church
Abyss:1:  base:
D:1

Skill      XL: |  1  2  3  4  5  6  7 |
---------------+----------------------+-----
Ranged Weapons | 5 6 7 |  7.2
Fighting       | 3 4 |  4.3
Armour         | 2 |  2.6
Dodging        | 2 |  2.3
Stealth        | |  1.1

Action                     |  1- 3 |  4- 6 |  7- 9 || total
---------------------------+-------+-------+-------++-------
   Fire: Shortbow          |   112 |    82 |       ||   194
         Orcbow            |       |    45 |    69 ||   114
    Use: Scroll            |     9 |     2 |     2 ||    13
         Potion            |     2 |     2 |     1 ||     5
 Armour: Leather armour    |    14 |   116 |    69 ||   199
         Robe              |     4 |       |       ||     4
  Dodge: Dodged            |    20 |   111 |    63 ||   194

Table legend:
 A = Non-vault XP
 B = Vault XP
 C = Vault XP percentage of total XP
 D = Non-vault monster count
 E = Vault monster count
 F = Vault count percentage of total count
                 A         B        C        D         E       F
            +---------+---------+-------+---------+---------+-------
      Total |     851 |       4 |   0.5 |      70 |       3 |   4.1
            +---------+---------+-------+---------+---------+-------
        D:1 |      21 |       4 |  16.0 |      12 |       3 |  20.0
        D:2 |      12 |       0 |   0.0 |       7 |       0 |   0.0
        D:3 |      28 |       0 |   0.0 |      17 |       0 |   0.0
        D:4 |     352 |       0 |   0.0 |      15 |       0 |   0.0
        D:5 |     438 |       0 |   0.0 |      19 |       0 |   0.0
            +---------+---------+-------+---------+---------+-------
